 Dungeon Crawl Stone Soup version 0.15.1-3-g1b33baa (webtiles) character file.

4645133 Chiseanne the Axe Maniac (level 27, 232/232 (249) HPs)
             Began as a Formicid Fighter on Oct 2, 2014.
             Was the Champion of Makhleb.
             Escaped with the Orb
             ... and 7 runes on Oct 3, 2014!
             The game lasted 10:54:53 (91784 turns).

Chiseanne the Axe Maniac (Formicid Fighter)        Turns: 91784, Time: 10:54:54

HP 232/232 (249) AC 46     Str 33      XL: 27
MP  36/36        EV 33     Int  3      God: Makhleb [******]
Gold 6410        SH 35     Dex 17      Spells: 15 memorised,  4 levels left

rFire  . . .     SeeInvis +     a - +9 executioner's axe (chop)
rCold  . . .     Clarity  .     o - +10 plate armour {rC+}
rNeg   + + .     rCorr    .     g - +6 large shield of Ignorance {rN+ AC+2 EV+2 Int-6 Curse}
rPois  +         rRot     .     (helmet unavailable)
rElec  +         Spirit   .     R - +2 cloak {rPois}
SustAb .         Warding  .     c - +2 pair of fencer's gloves {EV+3 Dex+6 Slay+2}
rMut   +         Stasis   +     L - +2 pair of boots {run}
Gourm  .                        V - amulet of Conformity {rMut +Inv +Fly rC- Slay+3 Stlth+}
MR     ++...                    U - ring of Fedhas' Condemnation {rElec rN+ Slay+3}
                                F - ring of Stymeyd {Dex+1 Slay+5}

@: quick, very resistant to hostile enchantments, extremely unstealthy
A: permanent stasis, dig shafts and tunnels, four strong arms, antennae 3, low
mp 2
a: Dig, Shaft Self, Minor Destruction, Lesser Servant of Makhleb, Major
Destruction, Greater Servant of Makhleb, Renounce Religion, Evoke Invisibility,
Evoke Flight
0: Orb of Zot
}: 7/15 runes: serpentine, barnacled, slimy, silver, iron, obsidian, bone


You escaped.
You worshipped Makhleb.
Makhleb was exalted by your worship.
You were not hungry.

You visited 15 branches of the dungeon, and saw 82 of its levels.
You visited the Abyss 2 times.
You completed 1 Ziggurat, and saw 27 of its levels.
You also visited: Ossuary, Volcano and Wizlab.

You collected 12651 gold pieces.
You spent 6241 gold pieces at shops.

Inventory:

Hand weapons
 a - a +9 executioner's axe of chopping (weapon)
 d - a cursed +9 battleaxe of chopping
 f - a cursed +9 battleaxe of freezing
 h - the +4 Staff of Dispater
   (You took it off Dispater on level 7 of the Iron City of Dis)
 m - the +7 Sceptre of Asmodeus
   (You took it off Asmodeus on level 7 of Gehenna)
 s - a cursed +9 battleaxe of electrocution
 Q - the +7 lajatang of Order {silver, rMut}
   (You found it on level 7 of Tartarus)
Missiles
 p - 4 throwing nets
 r - 3 javelins
 H - 21 javelins of penetration (quivered)
Armour
 c - the +2 pair of fencer's gloves (worn) {EV+3 Dex+6 Slay+2}
   (You acquired it on level 1 of a ziggurat)

   It affects your evasion (+3).
   It affects your dexterity (+6).
   It affects your accuracy and damage with ranged weapons and melee attacks
   (+2).
 g - the +6 large shield of Ignorance (worn) {rN+ AC+2 EV+2 Int-6 Curse}
   (You found it on level 25 of a ziggurat)

   It affects your AC (+2).
   It affects your evasion (+2).
   It affects your intelligence (-6).
   It protects you from negative energy.
   It may recurse itself when equipped.
 o - a +10 plate armour of cold resistance (worn)
 w - a cursed +2 cloak of magic resistance
 L - a +2 pair of boots of running (worn)
 R - a +2 cloak of poison resistance (worn)
Magical devices
 y - a wand of fire (7)
Comestibles
 b - 39 meat rations
 k - 40 bread rations
Scrolls
 i - 27 scrolls of remove curse
 j - 2 scrolls of immolation
 v - 3 scrolls of holy word
 x - 3 scrolls of recharging
 A - a scroll of enchant armour
 G - 8 scrolls of fear
 M - 3 scrolls of summoning
 P - 27 scrolls of identify
 T - 5 scrolls of silence
 X - 14 scrolls of fog
Jewellery
 q - the cursed ring of the Jolly Beds {+Blink +Inv +Fly rN+}
   (You found it on level 17 of a ziggurat)

   [ring of positive energy]

   It protects you from negative energy.
   It lets you turn invisible.
   It lets you fly.
   It lets you blink.
   It has a curse placed upon it.
 F - the ring of Stymeyd (left hand) {Dex+1 Slay+5}
   (You found it on level 5 of the Vaults)

   [ring of dexterity]

   It affects your dexterity (+1).
   It affects your accuracy and damage with ranged weapons and melee attacks
   (+5).
 J - the amulet of Shid {Spirit rF++ MR+ Dex+1 Slay-1}
   (You found it on level 7 of the Iron City of Dis)

   [amulet of guardian spirit]

   It causes incoming damage to be split between your health and magic.
   It affects your dexterity (+1).
   It affects your accuracy and damage with ranged weapons and melee attacks
   (-1).
   It greatly protects you from fire.
   It affects your resistance to hostile enchantments.
 S - the cursed amulet "Celeent" {Clar rF++ SInv}
   (You found it on level 4 of the Depths)

   [amulet of clarity]

   It provides mental clarity.
   It greatly protects you from fire.
   It enhances your eyesight.
   It has a curse placed upon it.
 U - the ring of Fedhas' Condemnation (right hand) {rElec rN+ Slay+3}
   (You found it on level 3 of the Crypt)

   [ring of positive energy]

   It affects your accuracy and damage with ranged weapons and melee attacks
   (+3).
   It insulates you from electricity.
   It protects you from negative energy.
 V - the amulet of Conformity (around neck) {rMut +Inv +Fly rC- Slay+3 Stlth+}
   (You found it on level 26 of a ziggurat)

   [amulet of resist mutation]

   It protects you from mutation.
   It affects your accuracy and damage with ranged weapons and melee attacks
   (+3).
   It makes you vulnerable to cold.
   It lets you turn invisible.
   It lets you fly.
   It makes you more stealthy.
Potions
 e - 8 potions of restore abilities
 l - 3 potions of heal wounds
 n - 24 potions of curing
 z - 5 potions of cancellation
 B - 4 potions of agility
 C - 8 potions of resistance
 D - 7 potions of cure mutation
 E - 4 potions of lignification
 I - 3 potions of invisibility
Miscellaneous
 t - the horn of Geryon
 K - a sack of spiders
 N - a fan of gales
 O - a sack of spiders
 W - a sack of spiders
Rods
 u - a cursed +2 lightning rod (12/12)
   (You found it on level 7 of the Iron City of Dis)


   Skills:
 O Level 27 Fighting
 O Level 27 Axes
 O Level 27 Armour
 O Level 27 Dodging
 O Level 27 Shields
 - Level 9.0 Spellcasting
 - Level 9.0 Charms
 - Level 14.0 Necromancy
 - Level 12.7 Invocations
 + Level 24.1 Evocations


You had 4 spell levels left.
You knew the following spells:

 Your Spells              Type           Power        Failure   Level  Hunger
a - Shroud of Golubria    Chrm/Tloc      #.........   12%         2    ###....
b - Ozocubu's Armour      Chrm/Ice       #.......     21%         3    ####...
c - Regeneration          Chrm/Necr      #.........   1%          3    ####...
d - Vampiric Draining     Necr           #.........   1%          3    ####...
e - Twisted Resurrection  Necr           #.........   4%          5    ######.
f - Corpse Rot            Necr           N/A          1%          2    ###....
g - Repel Missiles        Chrm/Air       #.....       12%         2    ###....
i - Passwall              Trmt/Erth      #.........   96%         3    ####...
k - Cure Poison           Pois           #.........   73%         2    ###....
l - Summon Butterflies    Summ           #.......     47%         1    ##.....
m - Swiftness             Chrm/Air       #.......     12%         2    ###....
n - Stoneskin             Trmt/Erth      #.......     73%         2    ###....
o - Flight                Chrm/Air       #.........   21%         3    ####...
p - Apportation           Tloc           #.........   47%         1    ##.....
q - Death Channel         Necr           #.........   24%         6    #######


Dungeon Overview and Level Annotations

Branches:
Dungeon (15/15)            Temple (0/1) D:4             Orc (4/4) D:12
    Elf (3/3) Orc:3          Lair (8/8) D:10         Shoals (5/5) Lair:5
  Snake (5/5) Lair:5        Slime (6/6) Lair:8       Vaults (5/5) D:14
  Crypt (3/3) Vaults:3       Tomb (0/3) Crypt:3      Depths (5/5) D:15
   Hell (1/1)                 Dis (7/7) Hell            Geh (7/7) Hell
    Coc (0/7) Hell            Tar (7/7) Hell            Zot (5/5) Depths:5

Altars:
Cheibriados
Elyvilon
Makhleb
Nemelex Xobeh
Okawaru
Sif Muna
Trog
Vehumet
Xom
Zin
The Shining One
Beogh

Shops:
D:8 :   D:11 [   D:13 [   Orc:4 ?[*}   Snake:3 =   Vaults:4 :

Portals:
Hell: Depths:1 Depths:2 Depths:3 Depths:4 Depths:5
Abyss: Depths:4
Pandemonium: Depths:3


Innate Abilities, Weirdness & Mutations

Your are under a permanent stasis effect.
You can dig through walls and to a lower floor.
Your four strong arms can wield two-handed weapons with a shield.
You have a pair of large antennae on your head (SInv).
Your magical capacity is very low (-20% MP).


Message History

Where to? (* - list waypoints, Enter - D:2, ? - help)
An iron devil comes into view. It is wielding a glowing great sword.
An orange demon comes into view.
There is a stone staircase leading down here.
There is a stone staircase leading up here.
You climb upwards.
You sense a powerful magical force warping space.
There is a stone staircase leading down here.
(D) Dungeon (T) Temple (O) Orcish Mines (E) Elven Halls (L) Lair (A) Shoals (P) Snake Pit (M) Slime Pits (V) Vaults (C) Crypt (W) Tomb (U) Depths (H) Hell (I) Dis (G) Gehenna (X) Cocytus (Y) Tartarus (Z) Zot
Where to? (* - list waypoints, Enter - D:1, ? - help)
Okay, then.
Unknown command.
Unknown command.
You sense a monster nearby.
There is a staircase leading out of the dungeon here.
You have escaped!

.............####.......##
#...#.#####...# #....####
#.....# #...# #....#
#.....# #...###.#..#####
#..##.###
#...##..##.....######
..###...#
##.#...###.######...# ###
###.# ####### #..## #.>.#
#.#####.#######..# ##...##
#{.##.....@..###.###.....##
#.......########...%.....(.
#.......# #......%.......
#######.....).#
########.....##
.........>....# ##...##
#######.......# #...#
#.......# #...# #.......#
##### #########


There were no monsters in sight!

Vanquished Creatures
  Asmodeus (Geh:7)
  Dispater (Dis:7)
  2 orbs of fire
  18 pandemonium lords
  the Serpent of Hell (Tar:7)
  16 ancient liches
  Saint Roka (Shoals:5)
  5 curse toes
  Sojobo (Vaults:3)
  Margery (Crypt:2)
  Norris (Vaults:2)
  12 Killer Klowns
  Geryon (Hell)
  9 golden dragons
  Jory (Crypt:1)
  Xtahua (Depths:4)
  A profane servitor (Zig:1)
  30 Brimstone Fiends
  2 electric golems
  3 bone dragons
  11 Hell Sentinels
  9 Ice Fiends
  25 tentacled monstrosities
  4 hellephants
  The ghost of Starve the Bludgeoner, a mighty HuCj of Vehumet (Shoals:5)
  28 Orb Guardians
  16 Shadow Fiends
  16 titans
  6 quicksilver dragons
  Murray (Hell)
  21 acid blobs
  4 deep elf blademasters
  9 liches
  3 deep elf master archers
  A quicksilver dragon (shapeshifter) (Zig:25)
  18 storm dragons
  2 eldritch tentacles
  A sphinx (shapeshifter) (Zig:11)
  5 sphinxes
  7 tentacled starspawn
  17 Executioners
  A kraken (Shoals:5)
  Agnes (Depths:1)
  Frances (Elf:1)
  A daeva (Abyss:2)
  3 shadow dragons (shapeshifter) (Zig:25)
  3 thorn hunters (Zig:23)
  2 tengu reavers
  9 draconian monks
  20 ancient champions
  13 shadow dragons
  A revenant (Crypt:2)
  15 greater nagas
  22 frost giants
  2 azure jellies (shapeshifter)
  9 chaos champions
  17 azure jellies
  Donald (Shoals:5)
  Wiglaf (Depths:1)
  3 draconian scorchers
  5 iron dragons
  9 ghost moths
  6 draconian knights
  23 fire giants
  4 orc warlords
  5 draconian zealots
  8 deep elf sorcerers
  6 cacodemons
  34 balrugs
  25 vault wardens
  11 very ugly things
  5 warmongers
  Jorgrun (Vaults:2)
  2 emperor scorpions (Zig:9)
  43 reapers
  11 draconian shifters
  8 draconian annihilators
  2 ghouls
  8 draconian callers
  2 curse skulls
  5 blood saints
  18 war gargoyles
  14 salamander firebrands
  24 stone giants
  A grey draconian (shapeshifter) (Vaults:5)
  5 green draconians
  7 vampire knights
  4 grey draconians
  5 lorocyprocas
  3 deep elf demonologists (Elf:3)
  3 black suns
  7 purple draconians
  2 corrupters
  9 deep elf annihilators
  5 black draconians
  8 white draconians
  An unborn (Abyss:2)
  A mottled draconian (shapeshifter) (Zig:25)
  7 red draconians
  5 pale draconians
  11 dire elephants
  10 mottled draconians
  12 yellow draconians
  2 green deaths
  11 blizzard demons
  A very ugly thing zombie (Hell)
  2 eidola
  2 merfolk javelineers (Shoals:5)
  16 ettins
  12 crystal guardians (Depths:4)
  26 fire dragons
  9 deep elf death magi
  7 death oozes
  4 quicksilver dragon zombies
  3 minotaurs
  A fire dragon (shapeshifter) (Zig:11)
  A merfolk impaler (Shoals:4)
  10 great orbs of eyes
  A spectral quicksilver dragon (Depths:4)
  Josephine (D:13)
  2 spectral krakens (Tar:7)
  6 jiangshi
  13 death cobs
  35 vault guards
  16 yaktaur captains
  19 ironheart preservers
  2 deep elf high priests (Vaults:5)
  11 hydras
  A rakshasa (Vaults:1)
  Fannar (D:10)
  Harold (Lair:2)
  A spectral shadow dragon (Depths:4)
  10 anacondas
  21 ice dragons
  2 quicksilver dragon skeletons
  10 naga warriors
  3 centaur warriors
  9 ravenous item mimics
  3 spriggan air magi (Depths:2)
  A siren (Shoals:5)
  A merfolk aquamancer (Shoals:5)
  6 ghost crabs
  17 dancing weapons
  5 deep troll shamans
  5 alligators (Zig:23)
  10 death yaks
  2 death knights
  A satyr (shapeshifter) (Zig:11)
  A spectral human (Vaults:3)
  A spectral fire giant (Vaults:3)
  An alligator (shapeshifter) (Depths:4)
  A death yak (shapeshifter) (Zig:11)
  A spectral elf (Depths:4)
  19 hell hogs
  2 tengu warriors (D:13)
  6 deep troll earth magi
  4 thrashing horrors
  12 orc high priests
  8 titan zombies
  5 vampire magi
  11 naga sharpshooters
  Urug (D:14)
  11 shock serpents
  5 storm dragon zombies
  7 spriggan berserkers
  24 sun demons
  38 hell knights
  15 ogre magi
  26 soul eaters
  4 iron golems
  6 titan skeletons
  6 catoblepae (Zig:24)
  13 deep elf knights
  6 wretched stars
  A catoblepas (shapeshifter) (Zig:25)
  3 storm dragon skeletons
  3 fire crabs
  5 spatial maelstroms
  3 unseen horrors
  8 shadow wraiths
  A death drake (shapeshifter) (Zig:20)
  2 fire crabs (shapeshifter)
  3 orb spiders
  40 deep trolls
  3 golden dragon zombies
  21 shadow demons
  A spectral anaconda (Vaults:3)
  3 iron trolls (Zig:16)
  A swamp dragon (shapeshifter) (Depths:4)
  3 anaconda zombies
  12 sea snakes
  8 salamander mystics
  14 ice devils
  3 ghost moth zombies
  2 spriggan druids
  21 hill giants
  9 flayed ghosts
  46 skeletal warriors
  20 ironbrand convokers
  4 death drakes
  4 giant orange brains
  13 large abominations
  6 ice statues
  9 swamp dragons
  A silver statue (Depths:3)
  A putrid demonspawn (Zig:13)
  3 shadow dragon zombies
  7 mana vipers
  3 deathcaps (Zig:14)
  14 deep elf summoners
  8 golden dragon skeletons
  6 anaconda skeletons
  9 naga ritualists
  3 tengu zombies
  A gelid demonspawn (Zig:17)
  24 harpies
  16 deep elf conjurers
  14 necromancers
  2 wolf spider zombies (Geh:3)
  4 iron dragon zombies
  A mana viper (shapeshifter) (Zig:25)
  41 hellions
  3 lindwurms
  10 frost giant zombies
  2 shadow dragon skeletons
  An ugly thing zombie (Hell)
  A cyclops (shapeshifter) (Depths:4)
  2 wizards
  10 fire giant zombies
  14 orc sorcerers
  11 orc knights
  11 wolf spiders
  4 draconian zombies (Zig:18)
  2 sphinx skeletons
  9 griffons
  15 sixfirhies
  2 red wasps (shapeshifter)
  6 shining eyes
  36 ugly things
  4 stone giant zombies
  4 red wasps
  4 fauns (Shoals:2)
  3 worldbinders
  A draconian (shapeshifter) (Depths:3)
  10 fire giant skeletons
  A guardian serpent (shapeshifter) (Vaults:3)
  16 phantasmal warriors
  5 oklob plants
  A hill giant (shapeshifter) (Zig:11)
  An iron dragon skeleton (Zig:14)
  7 molten gargoyles
  2 manticores
  7 water nymphs
  7 guardian serpents
  8 frost giant skeletons
  20 smoke demons
  32 salamanders
  22 small abominations
  4 mermaids
  10 stone giant skeletons
  5 elephants
  2 elephants (shapeshifter) (Depths:4)
  9 apocalypse crabs
  29 moths of wrath
  A storm dragon simulacrum (Depths:1)
  50 black mambas
  8 orange demons
  21 cyclopes
  12 vault sentinels
  A spiny frog (shapeshifter) (Zig:25)
  6 dire elephant zombies
  2 shock serpent zombies
  3 drowned souls (Shoals:5)
  21 spiny frogs
  2 eyes of devastation (shapeshifter)
  A queen ant (Lair:4)
  2 torpor snails
  2 feature mimics
  6 efreet
  4 eyes of devastation
  Psyche (Orc:1)
  3 gargoyles
  9 kobold demonologists
  An emperor scorpion zombie (Depths:3)
  4 dire elephant skeletons
  25 iron devils
  19 naga magi
  5 spectral swamp worms (Tar:7)
  A death yak zombie (Hell)
  An elf (shapeshifter) (Zig:25)
  A shock serpent skeleton (Geh:3)
  2 elf skeletons
  A green draconian zombie (Zig:18)
  A sea snake zombie (Crypt:1)
  2 yellow draconian zombies (Zig:18)
  10 demonic crawlers
  58 yaktaurs
  A purple draconian skeleton (Crypt:2)
  26 red devils
  A grey draconian skeleton (Crypt:3)
  20 tormentors
  A silent spectre (Crypt:1)
  4 ancient zymes
  2 fire drakes (shapeshifter)
  7 fire drakes
  2 trolls (shapeshifter)
  12 merfolk
  18 wandering mushrooms
  A minotaur zombie (Hell)
  6 giant leeches (Zig:23)
  4 hydra zombies
  11 hell beasts
  9 hellwings
  17 blue devils
  18 komodo dragons
  5 tengu conjurers
  3 wind drakes (shapeshifter)
  18 deep elf priests
  A ghoul skeleton (Crypt:3)
  A merfolk (shapeshifter) (Zig:25)
  2 polar bears
  19 freezing wraiths
  A raven (shapeshifter) (Vaults:2)
  2 shadow dragon simulacra (Zig:27)
  A harpy skeleton (Geh:1)
  2 catoblepas zombies
  6 hydra skeletons
  5 fire vortices (Depths:4)
  A jumping spider (shapeshifter) (Depths:4)
  7 ravens
  A spectral trapdoor spider (Depths:4)
  17 two-headed ogres
  10 boulder beetles
  4 wind drakes
  2 moth of wrath zombies (Zot:3)
  6 snapping turtles
  3 ettin zombies
  A minotaur skeleton (Abyss:2)
  An iron dragon simulacrum (Hell)
  9 trolls
  8 jumping spiders
  20 blink frogs
  2 boulder beetles (shapeshifter) (Depths:4)
  4 basilisks
  2 bog bodies (Zig:23)
  109 slime creatures
  A snapping turtle (shapeshifter) (Zig:25)
  4 alligator zombies
  10 air elementals
  4 ice dragon zombies
  2 fire dragon zombies
  2 spriggan zombies
  24 deep elf magi
  22 raiju
  11 vampires
  5 fire dragon skeletons
  66 flying skulls
  33 shadows
  10 tarantellas
  3 wyverns
  A spriggan (shapeshifter) (Vaults:1)
  4 alligator skeletons
  8 ettin skeletons
  A black mamba zombie (Geh:1)
  4 trapdoor spiders
  31 starcursed masses
  2 tarantellas (shapeshifter)
  4 ice dragon skeletons
  2 trapdoor spiders (shapeshifter)
  28 fire elementals
  A griffon skeleton (D:14)
  3 spriggans
  A golden eye (Zig:27)
  12 vampire mosquitoes
  8 ynoxinuls
  18 chaos spawn
  33 wraiths
  10 redbacks
  2 fire bats (Geh:1)
  10 neqoxecs
  11 water elementals
  33 yaks
  15 hippogriffs
  9 hungry ghosts
  A black mamba skeleton (Crypt:2)
  A hog (shapeshifter) (Elf:2)
  4 hill giant zombies (WizLab)
  Grum (Orc:2)
  A golden eye (shapeshifter) (Depths:5)
  A hill giant skeleton (D:15)
  35 deep elf fighters
  A hydra simulacrum (Hell)
  A mottled dragon (shapeshifter) (Vaults:2)
  13 wolves
  17 soldier ants (Lair:4)
  45 nagas
  13 wargs
  A merfolk zombie (Dis:7)
  3 swamp worms (Snake:2)
  A swamp worm (shapeshifter) (Depths:4)
  The ghost of MBison the Changer, an average HETm (D:4)
  A spiny frog zombie (Dis:7)
  36 water moccasins
  A spectral snapping turtle (Depths:4)
  A spatial vortex (Abyss:2)
  A merfolk skeleton (Crypt:3)
  6 porcupines
  A mottled dragon (Vaults:1)
  47 hell hounds
  3 sky beasts
  A baby alligator skeleton (Crypt:1)
  22 necrophages
  A sky beast (shapeshifter) (Zig:25)
  3 swamp dragon zombies
  5 spiny frog skeletons
  5 snapping turtle zombies
  3 black bears (shapeshifter)
  4 elf zombies
  A manticore zombie (Hell)
  An ice dragon simulacrum (Depths:1)
  49 ogres
  3 swamp drakes
  64 orc warriors
  2 black bears
  A blink frog zombie (Crypt:3)
  15 centaurs
  20 ice beasts
  2 swamp dragon skeletons
  A manticore skeleton (Depths:3)
  16 phantoms
  A torpor snail zombie (Crypt:3)
  4 snapping turtle skeletons
  8 boggarts
  5 yellow wasps
  2 lost souls
  25 giant frogs
  Duvessa (D:5)
  2 yaktaur zombies
  5 big kobolds
  23 crocodiles
  6 human zombies
  5 boring beetles
  A brain worm (Lair:8)
  A gnoll sergeant (D:5)
  Blork the orc (D:9)
  A spectral wyvern (Crypt:1)
  13 earth elementals
  3 insubstantial wisps
  A cyclops zombie (D:15)
  5 water moccasin zombies (Ossuary)
  3 cyclops skeletons
  2 scorpions (shapeshifter)
  5 scorpions
  8 troll zombies
  An eye of draining (shapeshifter) (Vaults:1)
  93 wights
  6 eyes of draining
  4 spriggan skeletons
  19 killer bees
  3 centaur zombies
  A troll skeleton (Geh:4)
  3 electric eels
  A giant frog zombie (D:7)
  Dowan (D:5)
  17 crimson imps
  A black bear zombie (Crypt:3)
  10 iron imps
  7 quasits
  A giant frog skeleton (D:9)
  A gnoll shaman (D:6)
  38 orc priests
  A black bear skeleton (Crypt:2)
  48 orc wizards
  A two-headed ogre skeleton (D:11)
  5 human skeletons
  29 jellies
  10 hounds
  25 worker ants
  5 iguanas
  Natasha (thrice) (D:4)
  19 orange rats
  A lightning spire (Zig:10)
  2 big kobold zombies (Ossuary)
  7 ogre zombies
  21 sheep
  A crocodile zombie (D:13)
  A felid skeleton (Crypt:2)
  A naga skeleton (Geh:4)
  A tengu skeleton (Geh:1)
  A mottled dragon skeleton (D:13)
  An ogre skeleton (D:4)
  6 mummies
  10 gnolls
  36 adders
  47 green rats
  2 inept feature mimics
  18 white imps
  8 giant mites
  2 worms (D:2)
  17 shadow imps
  19 ufetubi
  6 adder zombies (Ossuary)
  An iguana skeleton (D:7)
  11 orc zombies
  A halfling skeleton (Crypt:1)
  3 orc skeletons
  6 giant geckos
  271 orcs
  4 giant cockroaches
  A gnoll zombie (Ossuary)
  26 goblins
  24 hobgoblins
  18 jackals
  14 quokkas
  20 bats
  A giant gecko zombie (Crypt:3)
  A giant mite zombie (Crypt:1)
  7 giant newts
  4 giant spores
  A gnoll skeleton (D:6)
  A hobgoblin skeleton (Crypt:2)
  6 hobgoblin zombies
  44 kobolds
  A kobold skeleton (Hell)
  7 kobold zombies
  A quokka zombie (Crypt:2)
  19 rats
  2 rat skeletons
  4 spectral orcs (D:12)
  11 ballistomycetes
  16 briar patches (Zig:23)
  25 bushes (Zot:3)
  7 crawling corpses
  An eldritch tentacle segment (Geh:7)
  65 fungi
  5 grand avatars
  73 plants
  11 starspawn tentacles
  A starspawn tentacle segment (Zig:27)
  9 tentacles
  A tentacle segment (Tar:7)
5202 creatures vanquished.

Vanquished Creatures (collateral kills)
  the royal jelly (Slime:6)
  Ereshkigal (Tar:7)
  3 orbs of fire (Zot:5)
  2 Killer Klowns
  A Brimstone Fiend (Zig:17)
  12 acid blobs
  Rupert (Lair:4)
  2 tengu reavers (Vaults:3)
  A storm dragon (Zot:5)
  A shadow dragon (shapeshifter) (Zig:25)
  3 greater nagas (Snake:5)
  An azure jelly (Zig:26)
  Ilsuiw (Shoals:5)
  Maud (Lair:8)
  2 deep elf sorcerers (Elf:3)
  3 cacodemons
  2 balrugs
  2 reapers
  A very ugly thing (Zig:27)
  The ghost of Dustman the Jinx, a powerful DsAM of Sif Muna (Lair:7)
  A lorocyproca (Zig:27)
  2 deep elf annihilators (Elf:3)
  A green draconian (Zig:18)
  A purple draconian (Zot:5)
  5 dire elephants (Lair:8)
  3 merfolk javelineers (Shoals:5)
  3 deep elf death magi (Elf:3)
  2 death oozes
  2 merfolk impalers (Shoals:5)
  2 deep elf high priests (Elf:3)
  3 great orbs of eyes (Zig:26)
  A rakshasa (Zig:27)
  A quicksilver dragon skeleton (Zig:12)
  7 naga warriors
  13 hydras
  A ghost crab (Crypt:1)
  2 orc knights (Vaults:1)
  An ice dragon (Depths:5)
  A merfolk aquamancer (Shoals:5)
  8 orc high priests (Orc:4)
  3 thrashing horrors (Zig:27)
  2 death knights
  2 soul eaters
  2 titan zombies
  4 naga sharpshooters (Snake:5)
  A catoblepas (Lair:5)
  A storm dragon zombie (Zig:12)
  Nergalle (D:12)
  A shadow wraith (Zig:27)
  2 wretched stars (Zig:27)
  5 skeletal warriors
  2 deep elf knights (Elf:3)
  A giant orange brain (Zig:26)
  2 orb spiders
  A sea snake (Shoals:5)
  An unseen horror (shapeshifter) (D:15)
  4 large abominations (Zig:27)
  2 naga ritualists (Snake:5)
  A shadow demon (Zig:14)
  A spectral hydra (Crypt:1)
  A lindwurm (shapeshifter) (D:15)
  A lindwurm (Volcano)
  3 manticores
  An ugly thing (D:15)
  A salamander (Snake:5)
  4 hellions
  A shining eye (Zig:26)
  2 griffons (Lair:5)
  15 oklob plants
  A worldbinder (Zig:27)
  6 mermaids
  A water nymph (Shoals:5)
  5 black mambas
  A phantasmal warrior (Zig:25)
  A centaur zombie (D:13)
  2 guardian serpents (Snake:5)
  A tormentor (Zig:27)
  2 elephants (Lair:8)
  2 torpor snails (Lair:6)
  An eye of devastation (shapeshifter) (Zig:25)
  4 naga magi (Snake:5)
  A feature mimic (Lair:5)
  2 gargoyles (Volcano)
  2 molten gargoyles (Volcano)
  2 eyes of devastation
  An iron devil (Elf:3)
  2 smoke demons (Zig:27)
  An efreet (D:15)
  3 komodo dragons
  5 spiny frogs
  2 fire drakes (Lair:6)
  An alligator snapping turtle skeleton (Crypt:1)
  A mottled draconian skeleton (Crypt:1)
  A red devil (Zig:22)
  Sonja (Orc:4)
  A wind drake (Shoals:5)
  A deep elf priest (Elf:3)
  5 merfolk
  8 slime creatures
  2 hydra skeletons
  2 raiju (Zig:27)
  11 blink frogs
  A snapping turtle (shapeshifter) (D:15)
  4 snapping turtles
  2 air elementals (Vaults:3)
  A redback (Zig:10)
  3 water elementals
  6 basilisks (Lair:6)
  2 wyverns (Lair:6)
  A shadow (D:15)
  4 vampires
  3 flying skulls
  A deep elf mage (D:13)
  16 yaks
  2 chaos spawn (Zig:27)
  A vampire mosquito (Snake:2)
  2 fire elementals (Volcano)
  18 nagas (Snake:5)
  2 wargs (Orc:4)
  5 hippogriffs
  A putrid demonspawn zombie (Crypt:1)
  2 neqoxecs (Zig:27)
  2 water moccasins
  2 porcupines
  3 soldier ants (Lair:4)
  3 hell hounds
  A necrophage (Zig:14)
  An ogre (Shoals:5)
  A yellow wasp (Lair:6)
  2 boggarts (D:15)
  3 orc warriors
  A hog zombie (Crypt:1)
  A swamp drake (Snake:2)
  A boring beetle (Lair:6)
  3 crocodiles
  A hell hound zombie (Zig:14)
  A cyclops zombie (D:13)
  7 eyes of draining (Zig:26)
  A scorpion (Zig:10)
  A manticore simulacrum (Crypt:1)
  6 electric eels
  A boring beetle zombie (Crypt:1)
  3 starcursed masses (Zig:27)
  2 hounds
  21 jellies
  19 orc priests (Orc:4)
  An iguana (Lair:4)
  3 orc wizards
  4 worker ants (Lair:4)
  A naga zombie (Dis:7)
  15 green rats
  5 adders
  3 giant mites (Lair:6)
  26 orcs
  A goblin (Orc:4)
  A hobgoblin (Orc:4)
  3 quokkas (Lair:6)
  A spectral kobold (Crypt:1)
  8 spectral orcs (D:12)
  13 bushes (Zot:3)
  11 fungi
  21 plants
533 creatures vanquished.

Vanquished Creatures (others)
  2 Killer Klowns
  2 Ice Fiends
  A Shadow Fiend (Zig:22)
  An eldritch tentacle (Geh:7)
  11 Executioners
  A tengu reaver (Vaults:5)
  A draconian scorcher (Depths:5)
  A warmonger (Zig:17)
  6 cacodemons
  8 balrugs
  A reaper (Zig:17)
  A war gargoyle (Dis:7)
  A stone giant (Zig:21)
  A lorocyproca (Elf:3)
  15 blizzard demons
  A merfolk impaler (Shoals:5)
  22 green deaths
  2 ironheart preservers
  A quicksilver dragon skeleton (Zig:15)
  A dancing weapon (Depths:4)
  A soul eater (Elf:3)
  A storm dragon skeleton (Zig:15)
  6 ball lightnings (Depths:4)
  A salamander mystic (Geh:2)
  An ugly thing (Depths:4)
  An iron dragon zombie (Geh:3)
  A draconian zombie (Zig:18)
  A frost giant zombie (Zig:8)
  A hell beast (Zig:22)
  2 salamanders (Geh:2)
  An elephant (Zig:24)
  3 drowned souls (Shoals:5)
  A spriggan zombie (Zig:15)
  A smoke demon (Shoals:5)
  A blue devil (Zig:17)
  2 fire vortices (Volcano)
  2 flying skulls
  A shadow (Zig:8)
  A ynoxinul (Shoals:5)
  A yak (shapeshifter) (Depths:4)
  A fire elemental (Depths:4)
  A vampire mosquito (Vaults:2)
  A water moccasin (Lair:5)
  A spiny frog skeleton (Crypt:3)
  A boggart (D:15)
  A necrophage (Zig:15)
  30 lost souls
  An ogre (Vaults:2)
  A big kobold (Vaults:3)
  3 insubstantial wisps (Depths:4)
  A wight (Geh:1)
  The ghost of Yermak the Sneak, a weakling SpAs (Slime:1)
  8 ufetubi
  A hobgoblin (D:8)
  A kobold (Vaults:3)
  A hobgoblin skeleton (D:8)
  4 lurking horrors
  2 bushes (Zot:3)
  101 eldritch tentacle segments
  8 fungi
  11 plants
  5 starspawn tentacles
  110 starspawn tentacle segments
  21 tentacles
  433 tentacle segments
859 creatures vanquished.

Grand Total: 6594 creatures vanquished

Notes
Turn   | Place    | Note
--------------------------------------------------------------
     0 | D:1      | Chiseanne, the Formicid Fighter, began the quest for the Orb.
     0 | D:1      | Reached XP level 1. HP: 18/18 MP: 1/1
    76 | D:1      | Reached XP level 2. HP: 24/24 MP: 3/3
   245 | D:1      | Reached XP level 3. HP: 30/30 MP: 4/4
   533 | D:2      | Reached skill level 4 in Fighting
   627 | D:2      | Reached XP level 4. HP: 23/37 MP: 5/5
   730 | D:2      | Found a burning altar of Makhleb.
   747 | D:2      | Found a glowing silver altar of Zin.
   747 | D:2      | Noticed an angel
   747 | D:2      | Noticed a green death
  1692 | D:2      | Reached XP level 5. HP: 42/42 MP: 7/7
  1717 | D:2      | Became a worshipper of Makhleb the Destroyer
  1890 | D:3      | Found a shimmering altar of Xom.
  1926 | D:3      | Found an iron altar of Okawaru.
  2132 | D:3      | Found a deep blue altar of Sif Muna.
  2149 | D:3      | Acquired Makhleb's first power
  2382 | D:3      | Found a snail-covered altar of Cheibriados.
  2382 | D:3      | Found a radiant altar of Vehumet.
  2488 | D:3      | Reached skill level 5 in Shields
  2488 | D:3      | Reached XP level 6. HP: 44/49 MP: 8/8
  2584 | D:4      | Noticed Natasha
  2589 | D:4      | Killed Natasha
  2651 | D:4      | Found a staircase to the Ecumenical Temple.
  2802 | D:4      | Reached XP level 7. HP: 55/55 MP: 9/9
  2820 | D:4      | Noticed MBison's ghost (average HETm)
  2837 | D:4      | Killed MBison's ghost
  2837 | D:4      | Reached skill level 5 in Fighting
  2837 | D:4      | Reached skill level 5 in Armour
  2916 | D:4      | Acquired Makhleb's second power
  3089 | D:4      | Reached skill level 6 in Shields
  3628 | D:4      | Reached XP level 8. HP: 62/62 MP: 11/11
  3803 | D:4      | Noticed Natasha
  3812 | D:4      | Killed Natasha
  3881 | D:4      | Noticed Natasha
  3883 | D:4      | Killed Natasha
  4109 | D:4      | Acquired Makhleb's third power
  4144 | D:5      | Entered Level 5 of the Dungeon
  4405 | D:5      | Noticed Dowan
  4415 | D:5      | Reached skill level 5 in Axes
  4415 | D:5      | Reached skill level 7 in Shields
  4418 | D:5      | Killed Dowan
  4421 | D:5      | Noticed Duvessa
  4426 | D:5      | Killed Duvessa
  4532 | D:5      | Reached XP level 9. HP: 65/65 MP: 10/12
  4773 | D:5      | Acquired Makhleb's fourth power
  5248 | D:6      | Reached skill level 8 in Shields
  5301 | D:6      | Found a glowing golden altar of the Shining One.
  5975 | D:6      | Acquired Makhleb's fifth power
  6060 | D:7      | Found a radiant altar of Vehumet.
  6076 | D:7      | Found a sparkling altar of Nemelex Xobeh.
  6163 | D:7      | Got a steaming ring mail
  6198 | D:7      | Identified the +6 ring mail "Viwel" {rF+} (You found it on level 7 of the Dungeon)
  6281 | D:7      | Found a bloodstained altar of Trog.
  6295 | D:7      | Reached XP level 10. HP: 75/75 MP: 10/13
  6517 | D:7      | Found a sand-covered staircase.
  6571 | D:7      | Reached skill level 9 in Shields
  6686 | Ossuary  | Entered an ossuary
  7320 | D:8      | Found Schaniwaj's Book Shop.
  7457 | D:8      | Found Wecede's Distillery.
  7475 | D:8      | Bought a potion of agility for 30 gold pieces
  7475 | D:8      | Bought a potion of resistance for 84 gold pieces
  7475 | D:8      | Bought a potion of heal wounds for 36 gold pieces
  7475 | D:8      | Bought a potion of curing for 24 gold pieces
  7475 | D:8      | Bought a potion of curing for 24 gold pieces
  7475 | D:8      | Bought a potion of curing for 24 gold pieces
  7475 | D:8      | Bought a potion of curing for 24 gold pieces
  7475 | D:8      | Bought a potion of agility for 30 gold pieces
  7475 | D:8      | Bought a potion of might for 30 gold pieces
  7606 | D:8      | Reached skill level 10 in Shields
  8100 | D:8      | Found a white marble altar of Elyvilon.
  8534 | D:9      | Noticed Blork the orc
  8550 | D:9      | Killed Blork the orc
  8624 | D:9      | Reached XP level 11. HP: 83/83 MP: 13/15
  9006 | D:9      | Reached skill level 11 in Shields
  9162 | D:10     | Entered Level 10 of the Dungeon
  9171 | D:10     | Noticed Fannar
  9203 | D:10     | Killed Fannar
  9532 | D:10     | Found a staircase to the Lair.
 10128 | Lair:1   | Entered Level 1 of the Lair of Beasts
 10147 | Lair:1   | Reached skill level 10 in Axes
 10306 | Lair:1   | Reached skill level 12 in Shields
 10464 | Lair:1   | Reached skill level 1 in Invocations
 11107 | Lair:2   | Reached XP level 12. HP: 88/92 MP: 17/22
 11113 | Lair:2   | Reached skill level 5 in Invocations
 11130 | Lair:2   | Noticed Harold
 11146 | Lair:2   | Killed Harold
 11334 | Lair:2   | Identified a scroll of acquirement
 11348 | Lair:2   | Identified a +0 pair of boots of running (You acquired it on level 2 of the Lair of Beasts)
 11864 | Lair:3   | Found a frozen archway.
 12020 | Lair:3   | Reached skill level 10 in Invocations
 12913 | Lair:4   | Found a staircase to the Snake Pit.
 12914 | Lair:4   | the staircase to the Snake Pit was a mimic.
 12966 | Lair:4   | Noticed Rupert
 12979 | Lair:4   | Killed Rupert
 13117 | Lair:4   | Reached XP level 13. HP: 98/98 MP: 28/29
 13582 | Lair:4   | Reached skill level 10 in Fighting
 13698 | Lair:4   | Noticed an eight-headed hydra
 13992 | Lair:4   | Killed an eight-headed hydra
 14152 | Lair:5   | Found a staircase to the Snake Pit.
 14172 | Lair:5   | Reached skill level 13 in Shields
 14430 | Lair:5   | Found a staircase to the Swamp.
 14433 | Lair:5   | the staircase to the Swamp was a mimic.
 14538 | Lair:5   | Found a staircase to the Shoals.
 15441 | Lair:6   | Reached XP level 14. HP: 95/108 MP: 29/31
 15806 | Lair:6   | Reached skill level 14 in Shields
 15895 | Lair:6   | Got a steaming dagger
 15896 | Lair:6   | Identified the +6 dagger of the Scroll {stab, +Blink +Rage} (You found it on level 6 of the Lair of Beasts)
 16049 | Lair:6   | Reached skill level 10 in Armour
 16253 | Lair:7   | Noticed Dustman's ghost (powerful DsAM)
 16264 | Lair:7   | Killed Dustman's ghost
 17182 | Lair:8   | Entered Level 8 of the Lair of Beasts
 17373 | Lair:8   | Found a staircase to the Slime Pits.
 17566 | Lair:8   | Noticed Maud
 17577 | Lair:8   | Killed Maud
 17780 | Lair:8   | Found a dark tunnel.
 17786 | Volcano  | Entered a volcano
 17816 | Volcano  | Reached skill level 15 in Shields
 19530 | D:11     | Found Zejiezom's Armour Emporium.
 19545 | D:11     | Reached XP level 15. HP: 116/116 MP: 32/32
 20028 | D:11     | Got an ichor-stained long sword
 20029 | D:11     | Identified the +3 long sword "Aliet" {flame, Str+2} (You found it on level 11 of the Dungeon)
 20567 | D:12     | Found a staircase to the Orcish Mines.
 20784 | D:12     | Noticed Nergalle
 20821 | D:12     | Killed Nergalle
 21305 | D:12     | Reached skill level 16 in Shields
 21563 | D:13     | Found Wuob's Food Boutique.
 21603 | D:13     | Bought a beef jerky for 15 gold pieces
 21603 | D:13     | Bought a slice of pizza for 15 gold pieces
 21603 | D:13     | Bought a beef jerky for 15 gold pieces
 21957 | D:13     | Noticed Josephine
 21960 | D:13     | Found Wipixkal's Armour Shop.
 21973 | D:13     | Killed Josephine
 22889 | Orc:1    | Entered Level 1 of the Orcish Mines
 22908 | Orc:1    | Noticed Psyche
 22915 | Orc:1    | Killed Psyche
 23521 | Orc:2    | Noticed Grum
 23529 | Orc:2    | Killed Grum
 23715 | Orc:1    | Found a roughly hewn altar of Beogh.
 24221 | Orc:3    | Found a staircase to the Elven Halls.
 24526 | Orc:4    | Entered Level 4 of the Orcish Mines
 24801 | Orc:4    | Found Skos' Gadget Boutique.
 24801 | Orc:4    | Found Hickioj's General Store.
 24834 | Orc:4    | Bought a scroll of remove curse for 48 gold pieces
 25016 | Orc:4    | Found a roughly hewn altar of Beogh.
 25183 | Orc:4    | Noticed Sonja
 25197 | Orc:4    | Killed Sonja
 25265 | Orc:4    | Found Stoux's Antique Armour Boutique.
 25265 | Orc:4    | Found Kluzia Skoi's Magic Scroll Shoppe.
 25298 | Orc:4    | Bought a scroll of remove curse for 51 gold pieces
 25298 | Orc:4    | Bought a scroll of enchant weapon for 127 gold pieces
 25298 | Orc:4    | Bought a scroll of identify for 34 gold pieces
 25298 | Orc:4    | Bought a scroll of acquirement for 884 gold pieces
 25298 | Orc:4    | Bought a scroll of enchant weapon for 127 gold pieces
 25298 | Orc:4    | Bought a scroll of enchant weapon for 127 gold pieces
 25303 | Orc:4    | Got a pair of distressingly furry gloves
 25309 | Orc:4    | Identified the -2 pair of gloves of Salvation {Int+2 Stlth+} (You acquired it on level 4 of the Orcish Mines)
 25358 | Orc:4    | Bought a scroll of acquirement for 832 gold pieces
 26429 | Lair:4   | Noticed a cacodemon
 26437 | Lair:4   | Killed a cacodemon
 27710 | D:14     | Got an encrusted cutlass
 27774 | D:14     | Found a gate to the Vaults.
 28009 | D:14     | Noticed Urug
 28025 | D:14     | Killed Urug
 28233 | D:14     | Reached XP level 16. HP: 124/124 MP: 31/32
 28438 | D:15     | Entered Level 15 of the Dungeon
 28538 | D:15     | Reached skill level 17 in Shields
 29400 | D:15     | Found a staircase to the Depths.
 29778 | Snake:1  | Entered Level 1 of the Snake Pit
 30073 | Snake:1  | Got a transparent golden ring
 30075 | Snake:1  | Identified the ring "Toanuq" {MP+9 Str-4 Int+2} (You found it on level 1 of the Snake Pit)
 30285 | Snake:1  | Reached skill level 15 in Axes
 30459 | Snake:2  | Got a brightly glowing dire flail
 30460 | Snake:2  | Identified the +3 dire flail of Doubt {crush, MR+} (You found it on level 2 of the Snake Pit)
 30745 | Snake:2  | You fall through a shaft!
 31045 | Snake:2  | Identified the +8 cutlass "Kheit" {freeze, *Rage rN+ MR+} (You found it on level 14 of the Dungeon)
 32061 | Snake:3  | Reached XP level 17. HP: 128/130 MP: 31/33
 32555 | Snake:3  | Found Duikku Zut's Jewellery Shoppe.
 33577 | Snake:4  | Reached skill level 18 in Axes
 33633 | Snake:5  | Entered Level 5 of the Snake Pit
 34153 | Snake:5  | Got an ancient blowgun
 34154 | Snake:5  | Identified the +6 blowgun of the Eight Wonders {speed, rF+ MR+} (You found it on level 5 of the Snake Pit)
 34247 | Snake:5  | Reached skill level 19 in Axes
 34410 | Snake:5  | Got a serpentine rune of Zot
 34440 | Snake:5  | Reached XP level 18. HP: 106/137 MP: 26/34
 35084 | Shoals:1 | Entered Level 1 of the Shoals
 36054 | Shoals:2 | Reached skill level 20 in Axes
 36703 | Shoals:4 | Got a heavily runed ring mail
 36916 | Shoals:5 | Entered Level 5 of the Shoals
 36919 | Shoals:5 | Noticed Ilsuiw
 36927 | Shoals:5 | Killed Ilsuiw
 37003 | Shoals:5 | Identified the cursed -2 ring mail of Theory {rF+} (You found it on level 4 of the Shoals)
 37124 | Shoals:5 | Noticed Starve's ghost (mighty HuCj)
 37151 | Shoals:5 | Killed Starve's ghost
 37594 | Shoals:5 | Got a barnacled rune of Zot
 37605 | Shoals:5 | Noticed Donald
 37613 | Shoals:5 | Killed Donald
 37840 | Shoals:5 | Found Wuwenkao's Food Emporium.
 37852 | Shoals:5 | Bought a bread ration for 50 gold pieces
 37852 | Shoals:5 | Bought a meat ration for 50 gold pieces
 37852 | Shoals:5 | Bought a meat ration for 50 gold pieces
 37852 | Shoals:5 | Bought a bread ration for 50 gold pieces
 37852 | Shoals:5 | Bought a beef jerky for 15 gold pieces
 37852 | Shoals:5 | Bought a bread ration for 50 gold pieces
 37852 | Shoals:5 | Bought a meat ration for 50 gold pieces
 37852 | Shoals:5 | Bought a meat ration for 50 gold pieces
 37852 | Shoals:5 | Bought a bread ration for 50 gold pieces
 37852 | Shoals:5 | Bought a royal jelly for 20 gold pieces
 37852 | Shoals:5 | Bought a bread ration for 50 gold pieces
 37852 | Shoals:5 | Bought a meat ration for 50 gold pieces
 37852 | Shoals:5 | Bought a bread ration for 50 gold pieces
 37852 | Shoals:5 | Bought a bread ration for 50 gold pieces
 37891 | Shoals:5 | Reached skill level 21 in Axes
 37961 | Shoals:5 | Got a shimmering leather armour
 37989 | Shoals:5 | Noticed Saint Roka
 38003 | Shoals:5 | Killed Saint Roka
 38048 | Shoals:5 | Identified the +2 leather armour "Schomn" {Int+2 Stlth--} (You took it off a merfolk javelineer on level 5 of the Shoals)
 38119 | Shoals:5 | Found a shimmering altar of Xom.
 38387 | Shoals:5 | Reached XP level 19. HP: 130/143 MP: 30/34
 39075 | D:10     | Upgraded the game from 0.15.1-2-g8fbdab7 to 0.15.1-3-g1b33baa
 39296 | Vaults:1 | Entered Level 1 of the Vaults
 39566 | Vaults:1 | Found a magical portal.
 39586 | WizLab   | Entered Zonguldrok's Shrine
 39713 | WizLab   | Reached skill level 22 in Axes
 39846 | WizLab   | Noticed an antique lich
 39857 | WizLab   | Killed an antique lich
 40952 | Vaults:1 | Reached skill level 23 in Axes
 41332 | Vaults:2 | Reached XP level 20. HP: 150/150 MP: 35/35
 41502 | Vaults:2 | Noticed Norris
 41502 | Vaults:2 | Noticed Jorgrun
 41510 | Vaults:2 | Killed Jorgrun
 41528 | Vaults:2 | Killed Norris
 41544 | Vaults:2 | Found a glowing golden altar of the Shining One.
 41588 | Vaults:2 | Got a pair of brightly glowing gloves
 41594 | Vaults:2 | Identified the +0 pair of gloves "Uzxo" {rF+} (You found it on level 2 of the Vaults)
 41952 | Vaults:2 | Got a smoking cloak
 41963 | Vaults:2 | Identified the +0 cloak of Distant Worlds {Dex+3 Int+2} (You acquired it on level 2 of the Vaults)
 42052 | Vaults:2 | Reached skill level 24 in Axes
 42897 | Vaults:3 | Found a glowing silver altar of Zin.
 43005 | Vaults:3 | Reached XP level 21. HP: 158/158 MP: 36/36
 43248 | Vaults:3 | Found a staircase to the Crypt.
 43249 | Vaults:3 | Noticed Sojobo
 43297 | Vaults:3 | You fall through a shaft!
 44115 | Vaults:3 | Reached skill level 25 in Axes
 44164 | Vaults:3 | Killed Sojobo
 45022 | Vaults:4 | Found Blores' Book Emporium.
 45792 | Crypt:1  | Entered Level 1 of the Crypt
 45902 | Crypt:1  | Reached skill level 26 in Axes
 45906 | Crypt:1  | Noticed Jory
 45924 | Crypt:1  | Killed Jory
 46224 | Crypt:1  | Reached XP level 22. HP: 165/165 MP: 29/36
 46337 | Crypt:2  | Noticed Margery
 46365 | Crypt:2  | Killed Margery
 47416 | Crypt:3  | Entered Level 3 of the Crypt
 47836 | Crypt:3  | Reached skill level 27 in Axes
 47990 | Crypt:3  | Noticed an ancient lich
 48013 | Crypt:3  | Killed an ancient lich
 48112 | Crypt:3  | Got a glittering bone ring
 48112 | Crypt:3  | Got a vibrating jade ring
 48123 | Crypt:3  | Identified the ring of Fedhas' Condemnation {rElec rN+ Slay+3} (You found it on level 3 of the Crypt)
 48130 | Crypt:3  | Identified the ring of Cunt {rElec rN+} (You found it on level 3 of the Crypt)
 48136 | Crypt:3  | Got an ancient turquoise ring
 48138 | Crypt:3  | Identified the ring "Pyaq Foenn" {rElec rN+ MR++} (You found it on level 3 of the Crypt)
 48153 | Crypt:3  | Got a vibrating glass ring
 48156 | Crypt:3  | Identified the ring of Diruudua {-Cast AC+3 Dex+1} (You found it on level 3 of the Crypt)
 48172 | Crypt:3  | Identified the Catalogue of the Ten Deaths (You found it on level 3 of the Crypt)
 48199 | Crypt:3  | Gained mutation: You evolve. [potion of beneficial mutation]
 48540 | Crypt:3  | Found a staircase to the Tomb.
 48810 | Crypt:3  | Learned a level 1 spell: Apportation
 48812 | Crypt:3  | Identified Borgnjor's Catalogue of Evil Rites (You found it on level 3 of the Crypt)
 48815 | Crypt:3  | Learned a level 1 spell: Pain
 49663 | Elf:1    | Entered Level 1 of the Elven Halls
 49825 | Elf:1    | Reached XP level 23. HP: 169/169 MP: 37/37
 50120 | Elf:1    | Noticed Frances
 50126 | Elf:1    | Killed Frances
 50550 | Elf:2    | Found a roughly hewn altar of Beogh.
 50963 | Elf:3    | Entered Level 3 of the Elven Halls
 52442 | Elf:3    | Got a faintly humming robe
 52453 | Elf:3    | Identified the +2 robe "Fecvexis" {+Blink +Rage rC+} (You found it on level 3 of the Elven Halls)
 52531 | Elf:3    | Got a smoking battleaxe
 52532 | Elf:3    | Identified the +7 battleaxe "Orepiwij" {chop, -Cast Int+4} (You found it on level 3 of the Elven Halls)
 52550 | Elf:3    | Got a heavily runed plate armour
 52561 | Elf:3    | Identified the +2 plate armour of Breorejo {rC+ Str+3} (You found it on level 3 of the Elven Halls)
 52594 | Elf:3    | Identified Woemn's Papyrus of Quantum Evil Arts (You found it on level 3 of the Elven Halls)
 52623 | Elf:3    | Cast into the Abyss (a Zot trap)
 52627 | Abyss:1  | Found a corrupted altar of Lugonu.
 53059 | Abyss:4  | Found a corrupted altar of Lugonu.
 53101 | Abyss:5  | Entered Level 5 of the Abyss
 53249 | Elf:3    | Escaped the Abyss
 53476 | Orc:2    | Lost intelligence.
 53712 | D:10     | Noticed a purple ugly thing
 53718 | D:10     | Killed a purple ugly thing
 54046 | Depths:1 | Entered Level 1 of the Depths
 54103 | Depths:1 | Reached XP level 24. HP: 160/160 MP: 31/33
 54370 | Depths:1 | Noticed Wiglaf
 54375 | Depths:1 | Reached skill level 15 in Armour
 54383 | Depths:1 | Killed Wiglaf
 54389 | Depths:1 | Noticed Agnes
 54400 | Depths:1 | Killed Agnes
 54479 | Depths:1 | Identified the Volume of the Voyage (You found it on level 1 of the Depths)
 54570 | Depths:1 | Found a gateway to Hell.
 55847 | Depths:2 | Gained mutation: You have large cloven feet. [evolution]
 56344 | Depths:3 | Found a one-way gate leading to the halls of Pandemonium.
 56606 | Depths:3 | Reached XP level 25. HP: 184/184 MP: 34/38
 57457 | Depths:4 | Noticed Xtahua
 57463 | Depths:4 | Killed Xtahua
 58138 | Depths:4 | Got a scintillating platinum amulet
 58139 | Depths:4 | Identified the amulet "Celeent" {Clar rF++ SInv} (You found it on level 4 of the Depths)
 58250 | Depths:4 | Found a one-way gate to the infinite horrors of the Abyss.
 58384 | Depths:4 | Found a gateway to a ziggurat.
 58676 | Depths:5 | Entered Level 5 of the Depths
 58802 | Depths:5 | Gained mutation: You rapidly evolve. [evolution]
 58840 | Depths:5 | Reached XP level 26. HP: 156/191 MP: 26/38
 58882 | Depths:5 | Found a gate to the Realm of Zot.
 60789 | Vaults:5 | Entered Level 5 of the Vaults
 61134 | Vaults:5 | Got a steaming falchion
 61135 | Vaults:5 | Identified the +9 falchion "Shruhim" {antimagic, +Rage rElec} (You found it on level 5 of the Vaults)
 61152 | Vaults:5 | Got an encrusted scale mail
 61169 | Vaults:5 | Identified the +6 scale mail of the Bells {Str-3 Int+3} (You found it on level 5 of the Vaults)
 61280 | Vaults:5 | Reached XP level 27. HP: 197/197 MP: 27/39
 61508 | Vaults:5 | Got a silver rune of Zot
 61660 | Vaults:5 | Got a twitching lapis lazuli ring
 61667 | Vaults:5 | Identified the ring of Stymeyd {Dex+1 Slay+5} (You found it on level 5 of the Vaults)
 61715 | Vaults:5 | Identified a +9 rod of inaccuracy (11/11) (You took it off a yaktaur captain on level 5 of the Vaults)
 62105 | Vaults:5 | Reached skill level 27 in Shields
 62116 | Vaults:5 | Identified the Papyrus of Contamination
 62394 | Vaults:5 | Got a crude trident
 62396 | Vaults:5 | Identified the +8 trident "Concordance" {speed, rPois MR+} (You took it off a vault guard on level 5 of the Vaults)
 62521 | D:14     | Gained mutation: You are partially covered in icy blue scales (AC +1). [evolution]
 63358 | Zig:1    | Entered Level 1 of a ziggurat
 63409 | Zig:2    | Entered Level 2 of a ziggurat
 63430 | Zig:3    | Entered Level 3 of a ziggurat
 63597 | Zig:4    | Entered Level 4 of a ziggurat
 63616 | Zig:4    | Reached skill level 15 in Fighting
 63636 | Zig:4    | Identified a +1 rod of shadows (10/10) (You found it on level 4 of a ziggurat)
 63640 | Zig:4    | Got a glittering platinum ring
 63642 | Zig:4    | Identified the ring of Groobb {+/*Tele rN+} (You found it on level 4 of a ziggurat)
 63656 | Zig:5    | Entered Level 5 of a ziggurat
 63705 | Zig:6    | Entered Level 6 of a ziggurat
 63836 | Zig:6    | Identified the Catalogue of Talismans
 63856 | Zig:7    | Entered Level 7 of a ziggurat
 63883 | Zig:7    | Identified the Incunabulum of the Snowflakes
 63891 | Zig:7    | Identified Sif Muna's Almanac of Lightness and Confrontation
 63895 | Zig:7    | Got a slimy brass amulet
 63903 | Zig:7    | Reached skill level 5 in Spellcasting
 63911 | Zig:7    | Identified the amulet "Voqu" {Gourm rC+} (You found it on level 7 of a ziggurat)
 63914 | Zig:8    | Entered Level 8 of a ziggurat
 63962 | Zig:8    | Got a smoking ivory ring
 63964 | Zig:8    | Identified the ring "Vucoegeh" {MP+9 Dex+4} (You found it on level 8 of a ziggurat)
 63980 | Zig:8    | Got a brightly glowing morningstar
 63985 | Zig:8    | Identified the +6 morningstar "Ylyprawn" {crush, +Blink} (You found it on level 8 of a ziggurat)
 64004 | Zig:9    | Entered Level 9 of a ziggurat
 64187 | Zig:10   | Entered Level 10 of a ziggurat
 64367 | Zig:11   | Entered Level 11 of a ziggurat
 64379 | Zig:11   | Noticed Zuetufue the pandemonium lord
 64400 | Zig:11   | Killed Zuetufue the pandemonium lord
 64423 | Zig:11   | Got a heavily runed glass ring
 64425 | Zig:11   | Identified the ring of Qazlal's Favour {rElec MP+9} (You found it on level 11 of a ziggurat)
 64455 | Zig:12   | Entered Level 12 of a ziggurat
 64534 | Zig:12   | Got a smoking great sword
 64535 | Zig:12   | Identified the +5 great sword of the Endless March {flame, rC- Str+4} (You found it on level 12 of a ziggurat)
 64544 | Zig:12   | Got a transparent iron ring
 64546 | Zig:12   | Identified the ring "Rypak" {rN+ Stlth-} (You found it on level 12 of a ziggurat)
 64565 | Zig:13   | Entered Level 13 of a ziggurat
 64593 | Zig:13   | Noticed Phaluar the pandemonium lord
 64621 | Zig:13   | Killed Phaluar the pandemonium lord
 64682 | Zig:13   | Got a dazzling cloak
 64694 | Zig:13   | Identified the -3 cloak of Roedio {rF+} (You found it on level 13 of a ziggurat)
 64716 | Zig:14   | Entered Level 14 of a ziggurat
 64783 | Zig:14   | Got a fine war axe
 64785 | Zig:14   | Identified the +6 war axe "Bresk" {flame, rC+ Str+1} (You found it on level 14 of a ziggurat)
 64893 | Zig:15   | Entered Level 15 of a ziggurat
 64997 | Zig:15   | Got a steaming ring mail
 65010 | Zig:15   | Identified the +2 ring mail "Klid" {rC+ Slay+3} (You found it on level 15 of a ziggurat)
 65026 | Zig:15   | Got an ichor-stained broad axe
 65027 | Zig:15   | Identified the cursed -2 broad axe "Zunaej" {drain, rC+ Str+4} (You found it on level 15 of a ziggurat)
 65042 | Zig:15   | Got a jewelled hand axe
 65043 | Zig:15   | Identified the +9 hand axe of the Desert {chop, rElec rC- Str+4} (You found it on level 15 of a ziggurat)
 65115 | Zig:16   | Entered Level 16 of a ziggurat
 65199 | Zig:16   | Identified a +3 rod of striking (14/14) (You found it on level 16 of a ziggurat)
 65211 | Zig:16   | Got a warped ring mail
 65222 | Zig:16   | Identified the +5 ring mail of Ixifi {rC++ Dex-2 Slay-2} (You found it on level 16 of a ziggurat)
 65400 | Zig:17   | Entered Level 17 of a ziggurat
 65438 | Zig:17   | Noticed Cace the pandemonium lord
 65443 | Zig:17   | Gained mutation: You are weak. (Str -2) [a cacodemon]
 65446 | Zig:17   | HP: 10/231 [hell beast (5)]
 65451 | Zig:17   | Gained mutation: Your body is slowly deteriorating. [a cacodemon]
 65456 | Zig:17   | Killed Cace the pandemonium lord
 65732 | Zig:17   | Got a smelly leather armour
 65754 | Zig:17   | Identified the +3 leather armour of Proximity {MR+ Dex+4 SInv} (You found it on level 17 of a ziggurat)
 65767 | Zig:17   | Got an ancient long sword
 65768 | Zig:17   | Identified the +7 long sword of Intuition {slice, rElec} (You found it on level 17 of a ziggurat)
 65780 | Zig:17   | Lost mutation: Your body is slowly deteriorating. [potion of cure mutation]
 65780 | Zig:17   | Lost mutation: You rapidly evolve. [potion of cure mutation]
 65780 | Zig:17   | Lost mutation: You have large cloven feet. [potion of cure mutation]
 65780 | Zig:17   | Lost mutation: You evolve. [potion of cure mutation]
 65781 | Zig:17   | Lost mutation: You are weak. (Str -2) [potion of cure mutation]
 65781 | Zig:17   | Lost mutation: You are partially covered in icy blue scales (AC +1). [potion of cure mutation]
 65788 | Zig:17   | Got a transparent morningstar
 65789 | Zig:17   | Identified the +8 morningstar of Geickof {crush, Noisy rPois} (You found it on level 17 of a ziggurat)
 65802 | Zig:17   | Got a heavily runed brass ring
 65805 | Zig:17   | Identified the ring of the Jolly Beds {+Blink +Inv +Fly rN+} (You found it on level 17 of a ziggurat)
 65811 | Zig:18   | Entered Level 18 of a ziggurat
 66058 | Zig:18   | Identified Vehumet's Reference Book on Igneous Confrontation
 66113 | Zig:18   | Identified a +4 rod of shadows (12/12) (You found it on level 18 of a ziggurat)
 66122 | Zig:18   | Identified the Guide on Enhancements and Earth
 66150 | Zig:19   | Entered Level 19 of a ziggurat
 66332 | Zig:19   | Got a smoking amber ring
 66334 | Zig:19   | Identified the ring of Fyukk {Ice rElec rN+ Stlth--} (You found it on level 19 of a ziggurat)
 66436 | Zig:20   | Entered Level 20 of a ziggurat
 66471 | Zig:20   | Noticed an ancient lich
 66485 | Zig:20   | Killed an ancient lich
 66512 | Zig:20   | Noticed an ancient lich
 66520 | Zig:20   | Noticed an ancient lich
 66524 | Zig:20   | Killed an ancient lich
 66534 | Zig:20   | Noticed an ancient lich
 66542 | Zig:20   | Killed an ancient lich
 66555 | Zig:20   | Killed an ancient lich
 66556 | Zig:20   | Noticed an ancient lich
 66568 | Zig:20   | Killed an ancient lich
 66685 | Zig:21   | Entered Level 21 of a ziggurat
 66746 | Zig:21   | Reached skill level 27 in Fighting
 66828 | Zig:21   | Identified the Guide on Harmful Fire
 66910 | Zig:21   | Learned a level 1 spell: Summon Butterflies
 66913 | Zig:21   | Learned a level 2 spell: Stoneskin
 66916 | Zig:21   | Learned a level 2 spell: Shroud of Golubria
 66920 | Zig:21   | Learned a level 3 spell: Flight
 66927 | Zig:21   | Learned a level 3 spell: Regeneration
 66932 | Zig:21   | Learned a level 3 spell: Ozocubu's Armour
 66941 | Zig:21   | Learned a level 3 spell: Passwall
 66949 | Zig:21   | Got a warped hand axe
 66950 | Zig:21   | Identified the cursed +1 hand axe of the Sea {chop, Str+2 Dex+2} (You found it on level 21 of a ziggurat)
 66985 | Zig:22   | Entered Level 22 of a ziggurat
 67051 | Zig:22   | Noticed Kutolua the pandemonium lord
 67073 | Zig:22   | Killed Kutolua the pandemonium lord
 67218 | Zig:22   | Got a twitching lapis lazuli ring
 67223 | Zig:22   | Identified the ring of Happiness {Fire Slay-3 Stlth+} (You found it on level 22 of a ziggurat)
 67248 | Zig:22   | Identified Beop's Papyrus of Hexes and Black Arts
 67251 | Zig:22   | Learned a level 1 spell: Animate Skeleton
 67256 | Zig:23   | Entered Level 23 of a ziggurat
 67379 | Zig:23   | Learned a level 2 spell: Cure Poison
 67425 | Zig:23   | Identified the Grimoire of the Mountains
 67460 | Zig:24   | Entered Level 24 of a ziggurat
 67600 | Zig:24   | Reached skill level 10 in Dodging
 67603 | Zig:24   | Identified the Catalogue of the Entourage and Feathers
 67615 | Zig:24   | Reached skill level 5 in Charms
 67617 | Zig:24   | Got a polished falchion
 67618 | Zig:24   | Identified the +7 falchion of Grontol {slice, rC++} (You found it on level 24 of a ziggurat)
 67622 | Zig:24   | Got a dazzling glaive
 67623 | Zig:24   | Identified the +5 glaive "Mnimux" {flame, +Rage rElec rF- Str-2 SInv} (You found it on level 24 of a ziggurat)
 67628 | Zig:24   | Got an encrusted scale mail
 67639 | Zig:24   | Identified the cursed +3 scale mail of the Heavens {Str+4 Dex+1} (You found it on level 24 of a ziggurat)
 67673 | Zig:24   | Got a bloodstained scimitar
 67674 | Zig:24   | Identified the +5 scimitar of Spring {antimagic, +Fly Int+3 SInv} (You found it on level 24 of a ziggurat)
 67784 | Zig:25   | Entered Level 25 of a ziggurat
 67816 | Zig:25   | Noticed Geokivumn the pandemonium lord
 67823 | Zig:25   | Noticed Ysuliug the pandemonium lord
 67829 | Zig:25   | Killed Geokivumn the pandemonium lord
 67839 | Zig:25   | Killed Ysuliug the pandemonium lord
 67842 | Zig:25   | Noticed Creaserph the pandemonium lord
 67848 | Zig:25   | Noticed Plezek the pandemonium lord
 67851 | Zig:25   | Killed Creaserph the pandemonium lord
 67861 | Zig:25   | Noticed Zelucs the pandemonium lord
 67861 | Zig:25   | Killed Plezek the pandemonium lord
 67865 | Zig:25   | Noticed Ghoirhozinn the pandemonium lord
 67868 | Zig:25   | Noticed Bluol the pandemonium lord
 67869 | Zig:25   | Noticed Hesakiw the pandemonium lord
 67875 | Zig:25   | Killed Ghoirhozinn the pandemonium lord
 67878 | Zig:25   | Noticed Trebuhet the pandemonium lord
 67886 | Zig:25   | Killed Bluol the pandemonium lord
 67888 | Zig:25   | Gained mutation: You are dopey. (Int -2) [a neqoxec]
 67889 | Zig:25   | Gained mutation: Your body is slowly deteriorating. [a neqoxec]
 67890 | Zig:25   | Killed Hesakiw the pandemonium lord
 67893 | Zig:25   | Killed Zelucs the pandemonium lord
 67914 | Zig:25   | Killed Trebuhet the pandemonium lord
 67967 | Zig:25   | Noticed Quxtasubb the pandemonium lord
 67969 | Zig:25   | Noticed Dicret the pandemonium lord
 67970 | Zig:25   | Noticed Clugg the pandemonium lord
 67974 | Zig:25   | Killed Quxtasubb the pandemonium lord
 67975 | Zig:25   | Killed Clugg the pandemonium lord
 67980 | Zig:25   | Killed Dicret the pandemonium lord
 68036 | Zig:25   | Noticed Soaxt the pandemonium lord
 68037 | Zig:25   | Noticed Prauwe the pandemonium lord
 68047 | Zig:25   | Cast into the Abyss (Prauwe)
 68157 | Abyss:2  | Lost mutation: Your body is slowly deteriorating. [potion of cure mutation]
 68157 | Abyss:2  | Lost mutation: You are dopey. (Int -2) [potion of cure mutation]
 68350 | Zig:25   | Escaped the Abyss
 68360 | Zig:25   | Killed Prauwe the pandemonium lord
 68373 | Zig:25   | Killed Soaxt the pandemonium lord
 68448 | Zig:25   | Got a brightly glowing war axe
 68449 | Zig:25   | Identified the +6 war axe "Pnotzoff" {antimagic, Str+1 SInv} (You found it on level 25 of a ziggurat)
 68463 | Zig:25   | Identified Sif Muna's Almanac of Toxic Arcane Weapons
 68471 | Zig:25   | Identified the Guide on Arcane Weapons
 68560 | Zig:26   | Entered Level 26 of a ziggurat
 68581 | Zig:26   | Gained mutation: You are weak. (Str -2) [a shining eye]
 68590 | Zig:26   | Gained mutation: You are very weak. (Str -4) [a shining eye]
 68591 | Zig:26   | Gained mutation: Your spells are a little easier to cast, but a little less powerful. [a shining eye]
 68646 | Zig:26   | Reached skill level 27 in Armour
 68663 | Zig:26   | Gained mutation: Your body is slowly deteriorating. [a shining eye]
 68673 | Zig:26   | Gained mutation: Your vision is a little blurry. [a shining eye]
 68677 | Zig:26   | Gained mutation: Armour fits poorly on your strangely shaped body. [a shining eye]
 68681 | Zig:26   | Gained mutation: Your body is deteriorating. [a shining eye]
 68895 | Zig:26   | Got a faintly glowing ruby amulet
 68899 | Zig:26   | Identified the amulet of Conformity {rMut +Inv +Fly rC- Slay+3 Stlth+} (You found it on level 26 of a ziggurat)
 68906 | Zig:26   | Got an ancient leather armour
 68917 | Zig:26   | Identified the +0 leather armour of a sewer {Str+4 Dex+3} (You found it on level 26 of a ziggurat)
 68930 | Zig:26   | Identified the Guide on Fiery Combat Magic
 69023 | Zig:26   | Lost mutation: Armour fits poorly on your strangely shaped body. [potion of cure mutation]
 69023 | Zig:26   | Lost mutation: Your body is deteriorating. [potion of cure mutation]
 69023 | Zig:26   | Lost mutation: Your vision is a little blurry. [potion of cure mutation]
 69023 | Zig:26   | Lost mutation: Your body is slowly deteriorating. [potion of cure mutation]
 69024 | Zig:26   | Lost mutation: You are very weak. (Str -4) [potion of cure mutation]
 69024 | Zig:26   | Lost mutation: You are weak. (Str -2) [potion of cure mutation]
 69024 | Zig:26   | Lost mutation: Your spells are a little easier to cast, but a little less powerful. [potion of cure mutation]
 69026 | Zig:27   | Entered Level 27 of a ziggurat
 69823 | Zig:27   | Got a dazzling ring mail
 69835 | Zig:27   | Identified the +2 ring mail "Jutuet" {rC+} (You found it on level 27 of a ziggurat)
 69848 | Zig:27   | Identified the Handbook of the Voyage
 69875 | Zig:27   | Got an ancient battleaxe
 69876 | Zig:27   | Identified the +8 battleaxe "Trifral" {flame, rPois rF+} (You found it on level 27 of a ziggurat)
 69879 | Zig:27   | Got a faintly glowing scimitar
 69880 | Zig:27   | Identified the +7 scimitar of Ash {slice, rElec rPois Int-3 Curse} (You found it on level 27 of a ziggurat)
 70523 | Lair:1   | Learned a level 2 spell: Repel Missiles
 70526 | Lair:1   | Learned a level 2 spell: Swiftness
 70628 | D:8      | Bought a potion of restore abilities for 36 gold pieces
 70628 | D:8      | Bought a potion of restore abilities for 36 gold pieces
 70628 | D:8      | Bought a potion of beneficial mutation for 420 gold pieces
 70630 | D:8      | Gained mutation: You are partially covered in large bone plates (AC +2, SH +2). [potion of beneficial mutation]
 70911 | D:13     | Bought a meat ration for 50 gold pieces
 70911 | D:13     | Bought a bread ration for 50 gold pieces
 70911 | D:13     | Bought a meat ration for 50 gold pieces
 70911 | D:13     | Bought a meat ration for 50 gold pieces
 71215 | D:8      | Bought a manual of Necromancy for 1545 gold pieces
 71215 | D:8      | Bought a book of Cantrips for 280 gold pieces
 71558 | Slime:1  | Entered Level 1 of the Pits of Slime
 71563 | Slime:1  | Reached skill level 1 in Necromancy
 71576 | Slime:1  | Gained mutation: Your mind is acute. (Int +2) [a shining eye]
 71582 | Slime:1  | Lost mutation: Your mind is acute. (Int +2) [a shining eye]
 72115 | Slime:1  | Killed Yermak's ghost
 72147 | Slime:2  | Reached skill level 5 in Necromancy
 72492 | Slime:5  | Reached skill level 10 in Necromancy
 72593 | Slime:6  | Entered Level 6 of the Pits of Slime
 73171 | Slime:6  | Noticed the royal jelly
 73185 | Slime:6  | Killed the royal jelly
 73512 | Slime:6  | Got a heavily runed silver amulet
 73513 | Slime:6  | Identified the amulet of the Griffon {Stasis rF- Slay+4} (You found it on level 6 of the Pits of Slime)
 73544 | Slime:6  | Got a slimy rune of Zot
 73565 | Slime:6  | Got a warped quarterstaff
 73568 | Slime:6  | Identified the +8 quarterstaff "Kiqutuos" {crush, Str+2} (You found it on level 6 of the Pits of Slime)
 73639 | Slime:6  | Identified the Grimoire of Spatial Clay
 74094 | Lair:1   | Learned a level 2 spell: Corpse Rot
 74098 | Lair:1   | Learned a level 3 spell: Vampiric Draining
 74104 | Lair:1   | Learned a level 5 spell: Twisted Resurrection
 74111 | Lair:1   | Learned a level 6 spell: Death Channel
 74442 | Orc:4    | Bought a scroll of silence for 127 gold pieces
 74442 | Orc:4    | Bought a scroll of amnesia for 59 gold pieces
 74442 | Orc:4    | Bought a scroll of recharging for 161 gold pieces
 74442 | Orc:4    | Bought a scroll of recharging for 161 gold pieces
 75297 | Zot:1    | Entered Level 1 of the Realm of Zot
 76225 | Zot:2    | Reached skill level 15 in Dodging
 78488 | Zot:3    | Noticed an orb of fire
 78490 | Zot:3    | Gained mutation: Your vision is a little blurry. [an orb of fire]
 78491 | Zot:3    | Gained mutation: Your magical capacity is low (-10% MP). [an orb of fire]
 78511 | Zot:3    | HP: 10/249 [orb of fire/fireball (82)]
 78517 | Zot:3    | Killed an orb of fire
 78699 | Zot:3    | Lost mutation: Your magical capacity is low (-10% MP). [potion of cure mutation]
 78699 | Zot:3    | Lost mutation: Your vision is a little blurry. [potion of cure mutation]
 78699 | Zot:3    | Lost mutation: You are partially covered in large bone plates (AC +2, SH +2). [potion of cure mutation]
 79717 | Zot:5    | Entered Level 5 of the Realm of Zot
 79899 | Zot:5    | Noticed an ancient lich
 79913 | Zot:5    | Killed an ancient lich
 80132 | Zot:5    | Noticed an orb of fire
 80145 | Zot:5    | Gained mutation: Your magical capacity is low (-10% MP). [an orb of fire]
 80147 | Zot:5    | Killed an orb of fire
 80183 | Zot:5    | Noticed an ancient lich
 80195 | Zot:5    | Killed an ancient lich
 80213 | Zot:5    | Noticed an orb of fire
 80223 | Zot:5    | Killed an orb of fire
 80231 | Zot:5    | Noticed an orb of fire
 80239 | Zot:5    | Killed an orb of fire
 80244 | Zot:5    | Noticed an ancient lich
 80263 | Zot:5    | Killed an ancient lich
 80434 | Zot:5    | Noticed an ancient lich
 80440 | Zot:5    | Killed an ancient lich
 80442 | Zot:5    | Noticed an orb of fire
 80453 | Zot:5    | Killed an orb of fire
 80638 | Zot:5    | Noticed an ancient lich
 80648 | Zot:5    | Noticed an ancient lich
 80649 | Zot:5    | Killed an ancient lich
 80654 | Zot:5    | Killed an ancient lich
 80844 | Zot:5    | Noticed an ancient lich
 80853 | Zot:5    | Killed an ancient lich
 81008 | Zot:5    | Noticed an ancient lich
 81015 | Zot:5    | Killed an ancient lich
 81298 | Hell     | Entered the Vestibule of Hell
 81298 | Hell     | Noticed Geryon
 81332 | Hell     | Killed Geryon
 81402 | Hell     | Noticed Murray
 81410 | Hell     | Killed Murray
 81418 | Hell     | Found a gateway to the freezing wastes of Cocytus.
 81553 | Hell     | Noticed an ancient lich
 81584 | Hell     | Killed an ancient lich
 81585 | Hell     | Found a gateway to the decaying netherworld of Tartarus.
 81722 | Hell     | Found a gateway to the ashen valley of Gehenna.
 81840 | Hell     | Found a gateway to the Iron City of Dis.
 81951 | Geh:1    | Entered Level 1 of Gehenna
 84819 | Geh:2    | Lost intelligence.
 86623 | Geh:5    | Reached skill level 27 in Dodging
 86634 | Geh:5    | Reached skill level 1 in Evocations
 86688 | Geh:5    | You fall through a shaft!
 86701 | Geh:6    | You fall through a shaft!
 86701 | Geh:7    | Entered Level 7 of Gehenna
 86760 | Geh:7    | Reached skill level 5 in Evocations
 87152 | Geh:7    | Reached skill level 10 in Evocations
 87293 | Geh:7    | Got an ichor-stained ring mail
 87312 | Geh:7    | Identified the cursed -4 ring mail of Blolowub {rN+ Stlth--} (You found it on level 7 of Gehenna)
 87571 | Geh:7    | Noticed Asmodeus
 87590 | Geh:7    | Killed Asmodeus
 87628 | Geh:7    | Got an obsidian rune of Zot
 88005 | Dis:1    | Entered Level 1 of the Iron City of Dis
 88077 | Dis:1    | You fall through a shaft!
 88080 | Dis:2    | You fall through a shaft!
 88083 | Dis:3    | You fall through a shaft for 3 floors!
 88121 | Dis:6    | You fall through a shaft!
 88121 | Dis:7    | Entered Level 7 of the Iron City of Dis
 88126 | Dis:7    | Reached skill level 15 in Evocations
 88294 | Dis:7    | Identified the Volume of Frigorific Battle Magic
 88805 | Dis:7    | Noticed Dispater
 88824 | Dis:7    | Killed Dispater
 88836 | Dis:7    | Got a flickering lapis lazuli ring
 88838 | Dis:7    | Identified the ring "Ehecarul" {Ice rElec Stlth+} (You found it on level 7 of the Iron City of Dis)
 88881 | Dis:7    | Got an iron rune of Zot
 88886 | Dis:7    | Got an ancient emerald amulet
 88887 | Dis:7    | Identified the amulet of Shid {Spirit rF++ MR+ Dex+1 Slay-1} (You found it on level 7 of the Iron City of Dis)
 89486 | Tar:1    | Entered Level 1 of Tartarus
 89495 | Tar:1    | You fall through a shaft!
 89498 | Tar:2    | You fall through a shaft for 2 floors!
 89505 | Tar:4    | You fall through a shaft for 2 floors!
 89508 | Tar:6    | You fall through a shaft!
 89508 | Tar:7    | Entered Level 7 of Tartarus
 89571 | Tar:7    | Got a pitted pewter ring
 89574 | Tar:7    | Identified the ring of Nobility {Str+2 Stlth+} (You found it on level 7 of Tartarus)
 89588 | Tar:7    | Got an encrusted war axe
 89589 | Tar:7    | Identified the cursed -1 war axe "Ghuffua" {chop, Str+1} (You found it on level 7 of Tartarus)
 89691 | Tar:7    | Noticed the Serpent of Hell
 89699 | Tar:7    | Killed the Serpent of Hell
 89726 | Tar:7    | Noticed Ereshkigal
 89746 | Tar:7    | Killed Ereshkigal
 89793 | Tar:7    | Got a bone rune of Zot
 90162 | Tar:7    | Gained mutation: Your magical capacity is very low (-20% MP). [mutagenic glow]
 90955 | Zot:5    | Got the Orb of Zot
 91057 | Zot:4    | Noticed Acesor the pandemonium lord
 91784 | D:$      | Escaped with the Orb!

Action                   |  1- 3 |  4- 6 |  7- 9 | 10-12 | 13-15 | 16-18 | 19-21 | 22-24 | 25-27 || total
-------------------------+-------+-------+-------+-------+-------+-------+-------+-------+-------++-------
Melee: War axe           |    80 |   150 |   357 |   854 |  1605 |  1029 |       |       |       ||  4075
       Battleaxe         |       |       |    59 |    16 |       |       |   175 |   132 |   652 ||  1034
       Great sword       |       |       |       |       |    10 |       |       |       |       ||    10
       Executioner's axe |       |       |       |       |    86 |   528 |   972 |  1196 |  4279 ||  7061
       Claymore          |       |       |       |       |       |     2 |       |       |       ||     2
       Unarmed           |       |       |       |       |       |       |       |     8 |     8 ||    16
 Fire: Blowgun           |       |       |       |    22 |       |       |       |       |       ||    22
Throw: Tomahawk          |       |       |       |     4 |     2 |       |       |       |       ||     6
       Javelin           |       |       |       |       |    26 |    10 |     2 |     2 |    11 ||    51
 Cast: Regeneration      |       |       |       |       |       |       |       |       |    26 ||    26
       Repel Missiles    |       |       |       |       |       |       |       |       |     6 ||     6
       Shroud of Golubri |       |       |       |       |       |       |       |       |     3 ||     3
Invok: Greater Servant o |       |       |       |     2 |    34 |    32 |     7 |    15 |    63 ||   153
       Lesser Servant of |       |       |       |       |       |     3 |       |       |       ||     3
 Abil: Dig               |       |       |       |     1 |       |       |       |       |    20 ||    21
       Shaft Self        |       |       |       |       |       |     1 |     1 |       |    10 ||    12
Evoke: Wand              |       |       |       |    10 |    21 |    22 |     3 |     2 |    10 ||    68
  Use: Scroll            |       |     8 |     5 |    18 |    14 |    10 |     8 |    14 |    76 ||   153
       Potion            |       |       |     2 |     3 |     4 |    11 |     7 |     5 |    50 ||    82
 Stab: Distracted        |       |       |       |     1 |     7 |     4 |     2 |     1 |    20 ||    35
       Confused          |       |       |       |       |     2 |       |     1 |       |     1 ||     4
  Eat: Chunk             |       |     6 |    12 |    21 |    41 |    30 |    18 |     9 |    30 ||   167
       Fruit             |       |       |     1 |     2 |     8 |     6 |     5 |     7 |    24 ||    53
       Pizza             |       |       |       |       |     2 |     1 |       |       |     5 ||     8
       Royal jelly       |       |       |       |       |       |     1 |     2 |     6 |     1 ||    10
       Beef jerky        |       |       |       |       |       |       |       |       |    19 ||    19
       Bread ration      |       |       |       |       |       |       |       |       |    10 ||    10
